 Dungeon Crawl Stone Soup version 0.28-a0-932-g843f935a50 (webtiles) character file.

Game seed: 3362034628438033871

1043 swappor the Chopper (level 8, 70/70 HPs)
             Began as a Minotaur Berserker on Nov 27, 2021.
             Was a Priest of Trog.
             Quit the game on level 5 of the Dungeon on Dec 22, 2021.
             The game lasted 00:12:22 (4324 turns).

swappor the Chopper (Minotaur Berserker)            Turns: 4324, Time: 00:12:23

Health: 70/70      AC: 10    Str: 24    XL:     8   Next: 4%
Magic:  7/7        EV: 12    Int:  4    God:    Trog [***...]
Gold:   300        SH:  0    Dex: 10    Spells: 7/7 levels left

rFire   + . .      SeeInvis .   a - +0 hand axe
rCold   . . .      Faith    .   (no shield)
rNeg    . . .      Spirit   .   m - +0 scale mail
rPois   .          Reflect  .   (helmet restricted)
rElec   .          Harm     .   (no cloak)
rCorr   .          Rampage  .   (no gloves)
Will    .....                   l - +2 pair of boots
Stlth   ..........              (no amulet)
HPRegen 0.21/turn               L - ring of flight
MPRegen 0.10/turn               F - ring of protection from fire

@: flying
A: horns 2, retaliatory headbutt
a: Renounce Religion, Berserk, Trog's Hand


You were on level 5 of the Dungeon.
You worshipped Trog.
Trog was most pleased with you.
You visited 1 branch of the dungeon, and saw 5 of its levels.

You collected 300 gold pieces.


Innate Abilities, Weirdness & Mutations

You have a pair of horns on your head.
You reflexively headbutt those who attack you in melee.


   Skills:
 - Level 6.0 Fighting
 - Level 6.0 Axes
 - Level 6.0 Armour
 - Level 6.0 Dodging
 + Level 3.2 Shields


You had 7 spell levels left.
You didn't know any spells.
Your spell library contained the following spells:

 Spells                   Type           Power      Damage    Failure   Level
 Sublimation of Blood     Necr           0%         N/A       89%         2
 Gell's Gravitas          Tloc           0%         N/A       98%         3
 Teleport Other           Tloc           0%         N/A       98%         3
 Petrify                  Tmut/Erth      0%         N/A       100%        4
 Irradiate                Conj/Tmut      0%         3d13      100%        5
 Dispersal                Tloc           0%         N/A       100%        6

Inventory:

Hand Weapons
 a - a +0 hand axe (weapon)
Missiles
 g - 173 stones (quivered)
 t - 28 bolts
 u - 4 throwing nets {=f!f}
Armour
 l - a +2 pair of boots (worn)
   (You found it on level 2 of the Dungeon)
 m - a +0 scale mail (worn)
   (You found it on level 1 of the Dungeon)
Jewellery
 F - a ring of protection from fire (right hand)
   (You found it on level 3 of the Dungeon)
 L - a ring of flight (left hand)
   (You found it on level 1 of the Dungeon)
Scrolls
 b - a scroll of fog {unknown}
 e - a scroll of immolation {unknown}
 f - a scroll of identify {unknown}
 i - a scroll of silence {!r}
 j - a scroll of enchant weapon {unknown}
 k - a scroll of holy word {unknown}
 n - a scroll of amnesia {unknown}
 r - a scroll of summoning {unknown}
 s - a scroll of vulnerability {unknown}
Potions
 c - a potion of magic {unknown}
 d - a potion of lignification {unknown}
 h - 2 potions of curing {unknown}
 o - a potion of might {unknown}
 p - a potion of degeneration {unknown}
 q - a potion of cancellation {unknown}

Dungeon Overview and Level Annotations

Branches:
Dungeon (5/15)
 Temple: D:4-7

Altars:

#########.....#
........#.###.# ##
#........#.##..##########
..
......##.#.#............#
.#
#.##....))).....#######.#
.# #.....##.#)#...## .#
#.###.##.#.....#
.###........####.##
.........##.# #@#
#...........# #'#
#.##<.###.### O..
#.###.###.# .....
#.###..##.# .....h.
#.........# .........
...........+.........+
####....####.........#
#.#.##


You could see a black bear and an ogre.


Message History

The gnoll hits you with a +0 halberd!
Items here: )))) [ ††. 😮 HP[-10]
You take 10 damage, and now have 46/63 hp.
You barely miss the gnoll. You headbutt the gnoll! The gnoll barely misses you.
You hit the gnoll but do no damage. You headbutt the gnoll.
You kill the gnoll!
Trog accepts your kill.
You have reached level 8!
You feel stronger. 😮 HP[+6] MP[+1]
You now have 70 max hp (+7).
You regained 6 hp, and now have 52/70 hp.
Your mp is fully restored (7).
There is an open door here.
Things that are here:
a +0 halberd; a gnoll corpse; 😎 HP[+18]
Your hp is fully restored (70).
You reach down and open the door.
There is an open door here.
You pick up a book of Alchemy {forbidden} and begin reading...
You add the spells Sublimation of Blood, Petrify and Irradiate to your library.
r - a scroll labelled MIGGOY DELONG
s - a scroll labelled FAXZUO GIEFU
t - 11 bolts
Found a stone staircase leading up.
There is a stone staircase leading up here. 2 gnolls come into view.
The gnoll shouts! x2; You hear a shout!
A gnoll comes into view. It is wielding a +0 flail.
The gnoll moves out of view. x2
A gnoll comes into view. It is wielding a +0 whip.
The gnoll shouts!
The gnoll closely misses you.
You hit the gnoll. You headbutt the gnoll.
The gnoll hits you but does no damage.
You closely miss the gnoll. The gnoll hits you but does no damage.
You hit the gnoll. You headbutt the gnoll.
You kill the gnoll!
Trog accepts your kill.
You slash the gnoll! The gnoll barely misses you.
The gnoll completely misses you.
Things that are here:
a +0 whip; a gnoll corpse You barely miss the gnoll.
You hit the gnoll. x2
The gnoll closely misses you. The gnoll hits you with a +0 whip.
The gnoll hits you with a +0 flail! 😕 HP[-14]
You take 14 damage, and now have 56/70 hp.
You barely miss the gnoll. You hit the gnoll but do no damage.
You hit the gnoll.
You kill the gnoll!
Trog accepts your kill. The gnoll hits you with a +0 whip.
The gnoll hits you but does no damage. 😕 HP[-3]
You take 3 damage, and now have 53/70 hp.
You hit the gnoll. You closely miss the gnoll.
The gnoll hits you but does no damage. The gnoll closely misses you. 😕 HP[+1]
You slash the gnoll!
You kill the gnoll!
Trog accepts your kill.
You hit the gnoll. The gnoll hits you with a +0 whip.
Your Shields skill increases to level 3! 😮 HP[-2]
You take 2 damage, and now have 52/70 hp.
The gnoll hits you but does no damage.
Things that are here:
a +0 flail; 17 bolts You closely miss the gnoll.
Your headbutt misses the gnoll. The gnoll hits you but does no damage.
You slash the gnoll!
You kill the gnoll!
Trog accepts your kill.
u - 2 throwing nets {=f!f} You see here a +0 whip. 😕 HP[+1]
t - 28 bolts (gained 17)
You see here a +0 flail.
Things that are here:
a +0 whip; a gnoll corpse
u - 4 throwing nets {=f!f} (gained 2)
Things that are here:
a +0 whip; a gnoll corpse 😎 HP[+17]
Your hp is fully restored (70).
Things that are here:
a +0 whip; a gnoll corpse You see here a +0 flail.
h - 2 blue potions (gained 1)
You reach down and open the door.
A black bear and an ogre come into view.
The black bear growls angrily.
There are monsters nearby! 🤖 Initializing magus.rc ... ✅ Successfully initialized magus.rc [v1.11.2] Welcome back, swappor the Minotaur Berserker.
Trog says: Kill them all!
Press ? for a list of commands and other information.
Are you sure you want to abandon this character and quit the game? (Confirm with "yes".)

Skill      XL: |  1  2  3  4  5  6  7  8 |
---------------+-------------------------+-----
Axes           | 4 5 6 |  6.0
Fighting       | 5 6 |  6.0
Armour         | 3 4 6 |  6.0
Dodging        | 3 4 6 |  6.0
Shields        | 2 3 |  3.2

Action                   |  1- 3 |  4- 6 |  7- 9 || total
-------------------------+-------+-------+-------++-------
Melee: Hand axe          |    80 |   108 |    55 ||   243
       Headbutt          |    17 |    20 |    19 ||    56
Invok: Berserk           |     1 |     3 |     1 ||     5
  Use: Scroll            |       |     1 |       ||     1
Armor: Animal skin       |    18 |    12 |       ||    30
       Scale mail        |       |    19 |    20 ||    39
Dodge: Dodged            |    57 |    59 |    26 ||   142

Levels and vault maps discovered:
D:1:      dpeg_arrival_short_road, layout_basic, shapermc_ecumenical_altar_venn,
          minmay_split_cup_small
D:2:      layout_rooms, serial_undead, serial_undead_b, serial_undead_a,
          serial_undead_f, serial_undead_a, serial_undead_e, serial_undead_c,
          serial_undead_b, serial_undead_e, serial_undead_d, serial_undead_c,
          small_statue_intersection, grunt_decor_cap, kennysheep_nub,
          guppyfry_early_orc_mine
D:3:      layout_loops_ring, serial_bayou_pond_c
D:4:      layout_rooms, gammafunk_ghost_cemetery, serial_rivers,
          chequers_serial_rivers_micro_a, chequers_serial_rivers_micro_b,
          chequers_serial_rivers_large_a, chequers_serial_rivers_room_a
D:5:      layout_loops_corners, minmay_temple_entry_statues_pillars,
          grunt_ministairs_8, kennysheep_small_square

Notes
Turn   | Place    | Note
-------+----------+-------------------------------------------
     0 | D:1      | swappor the Minotaur Berserker began the quest for the Orb.
     0 | D:1      | Reached XP level 1. HP: 19/19 MP: 0/0
     0 | D:1      | magus.rc [v1.11.2]
    69 | D:1      | Reached skill level 4 in Axes
   146 | D:1      | Reached XP level 2. HP: 26/26 MP: 1/1
   241 | D:1      | Found a faded altar of an unknown god.
   484 | D:1      | Reached skill level 5 in Axes
   537 | D:1      | You add the spells Gell's Gravitas, Teleport Other and
                  | Dispersal to your library.
   810 | D:1      | Reached XP level 3. HP: 22/31 MP: 2/2
  1378 | D:2      | Reached ** piety under Trog
  1407 | D:2      | Reached skill level 6 in Axes
  1407 | D:2      | Reached XP level 4. HP: 35/40 MP: 3/3
  1657 | D:2      | Reached skill level 4 in Fighting
  2763 | D:4      | Noticed a scorpion
  2791 | D:4      | Noticed a scorpion
  2795 | D:4      | Killed a scorpion
  2796 | D:4      | Reached skill level 5 in Fighting
  2796 | D:4      | Reached XP level 5. HP: 49/49 MP: 4/4
  2908 | D:4      | Reached skill level 6 in Fighting
  3047 | D:4      | Reached skill level 3 in Armour
  3047 | D:4      | Reached skill level 3 in Dodging
  3047 | D:4      | Reached XP level 6. HP: 55/57 MP: 5/5
  3114 | D:4      | Reached skill level 4 in Armour
  3216 | D:4      | Reached *** piety under Trog
  3313 | D:4      | Reached skill level 4 in Dodging
  3418 | D:4      | Reached XP level 7. HP: 63/63 MP: 6/6
  3509 | D:4      | Found a runed translucent gate.
  3510 | D:4      | Found a runed translucent gate.
  3512 | D:4      | Found a runed translucent gate.
  3514 | D:4      | Noticed DonnieDarkness's ghost (amateur HOFi)
  3514 | D:4      | Noticed SmokeWeed's ghost (amateur MiGl)
  3734 | D:4      | Killed DonnieDarkness's ghost
  3735 | D:4      | Reached skill level 5 in Armour
  3735 | D:4      | Reached skill level 5 in Dodging
  3745 | D:4      | Killed SmokeWeed's ghost
  3746 | D:4      | Reached skill level 6 in Armour
  3887 | D:5      | Entered Level 5 of the Dungeon
  3901 | D:5      | Reached skill level 6 in Dodging
  3901 | D:5      | Reached skill level 1 in Shields
  3985 | D:5      | Reached skill level 2 in Shields
  3999 | D:5      | Reached XP level 8. HP: 52/70 MP: 7/7
  4102 | D:5      | You pick up a book of Alchemy {forbidden} and begin
                  | reading...
  4102 | D:5      | You add the spells Sublimation of Blood, Petrify and
                  | Irradiate to your library.
  4208 | D:5      | Reached skill level 3 in Shields
  4324 | D:5      | magus.rc [v1.11.2]
  4324 | D:5      | Quit the game

Vanquished Creatures
  The ghost of DonnieDarkness the Cleaver, an amateur HOFi (D:4)
  An ogre (D:4)
  The ghost of SmokeWeed the Slasher, an amateur MiGl (D:4)
  A phantom (D:5)
  2 scorpions (D:4)
  2 water moccasin skeletons (D:4)
  A jelly (D:4)
  A gnoll shaman (D:5)
  An orc wizard (D:4)
  A howler monkey zombie (D:5)
  11 gnolls
  4 adders
  2 adder skeletons (D:2)
  4 worms
  2 dart slugs (D:4)
  11 orcs
  6 bats
  A bat skeleton (D:2)
  2 bat zombies (D:2)
  7 endoplasms
  3 giant cockroaches
  9 goblins
  7 hobgoblins
  2 jackals (D:4)
  3 quokkas
  8 ball pythons
  2 ball python zombies (D:2)
  5 frilled lizards
  2 giant cockroach zombies (D:2)
  6 kobolds
  A quokka zombie (D:2)
  2 rats
112 creatures vanquished.

Vanquished Creatures (others)
  4 withered plants
4 creatures vanquished.

Grand Total: 116 creatures vanquished

Table legend:
 A = Non-vault XP
 B = Vault XP
 C = Vault XP percentage of total XP
 D = Non-vault monster count
 E = Vault monster count
 F = Vault count percentage of total count
                 A         B        C        D         E       F
            +---------+---------+-------+---------+---------+-------
      Total |     898 |     593 |  39.8 |      88 |      24 |  21.4
            +---------+---------+-------+---------+---------+-------
        D:1 |      51 |       5 |   8.9 |      22 |       3 |  12.0
        D:2 |      40 |      38 |  48.7 |      13 |      17 |  56.7
        D:3 |      45 |       0 |   0.0 |      15 |       0 |   0.0
        D:4 |     609 |     416 |  40.6 |      29 |       2 |   6.5
        D:5 |     153 |     134 |  46.7 |       9 |       2 |  18.2
            +---------+---------+-------+---------+---------+-------

Illustrated notes

Table legend:
 A = Kills in this place as a percentage of kills in entire the game.
 B = Kills by you in this place as a percentage of kills by you in the entire game.
 C = Kills by friends in this place as a percentage of kills by friends in the entire game.
 D = Other kills in this place as a percentage of other kills in the entire game.
 E = Experience gained in this place as a percentage of experience gained in the entire game.
 F = Experience gained in this place divided by the number of levels of this place that you have seen.
                   A       B       C       D       E      F
               +-------+-------+-------+-------+-------+----------------------
         Total | 100.0 | 100.0 |   N/A |   N/A | 100.0 | 298.2
       Dungeon | 100.0 | 100.0 |   N/A |   N/A | 100.0 | 298.2
               +-------+-------+-------+-------+-------+----------------------

Table legend: (Time is in decaauts)
 A = Elapsed time spent in this place.
 B = Non-inter-level travel time spent in this place.
 C = Inter-level travel time spent in this place.
 D = Time resting spent in this place.
 E = Time spent auto-exploring this place.
 F = Levels seen in this place.
 G = Mean time per level.
                   A        B        C        D        E       F      G
               +--------+--------+--------+--------+--------+-----+--------+
         Total |   4372 |   4143 |    229 |    440 |   2784 |   5 |  874.4 |
       Dungeon |   4372 |   4143 |    229 |    440 |   2784 |   5 |  874.4 |
               +--------+--------+--------+--------+--------+-----+--------+

Top non-repeatable levels by time:
     D:2: 1143 daAuts
     D:1: 977 daAuts
     D:3: 911 daAuts
     D:4: 903 daAuts
     D:5: 436 daAuts
